 Dungeon Sprint DCSS version 0.28-a0-1387-g3a22ab9bdc (webtiles) character file.

Game seed: 8066514476504236130

1358 mhtbhm the Cleaver (level 8, -8/88 HPs)
             Began as a Minotaur Berserker on Jan 2, 2022.
             Was a High Priest of Trog.
             Killed from afar by a death drake (9 damage)
             ... with a foul vapour
             ... in the Dungeon (Sprint II: "The Violet Keep of Menkaure").
             The game lasted 00:02:12 (1168 turns).

mhtbhm the Cleaver (Minotaur Berserker)             Turns: 1168, Time: 00:02:13

Health: -8/88      AC:  6    Str: 33      XL:     8   Next: 37%
Magic:  7/7        EV: 12    Int:  4      God:    Trog [*****.]
Gold:   398        SH:  0    Dex:  7 (8)  Spells: 7/7 levels left

rFire   . . .      SeeInvis .   a - +0 hand axe
rCold   . . .      Faith    .   (no shield)
rNeg    . . .      Spirit   .   b - +2 scale mail of the Evil One {-Cast Str+9}
rPois   .          Reflect  +   (helmet restricted)
rElec   .          Harm     .   (no cloak)
rCorr   .          Rampage  .   (no gloves)
Will    .....      NoTele   +   (no boots)
Stlth   .......... NoCast   +   i - amulet of reflection
HPRegen 0.24/turn               (no ring)
MPRegen 0.10/turn               (no ring)

@: confused, lethally poisoned (-8 -> -64), slowed, unable to read, very slow
A: horns 2, retaliatory headbutt, clumsy 1, deformed body, deterioration 1,
inability to read while threatened
a: Renounce Religion, Berserk, Trog's Hand, Brothers in Arms


You were in the Dungeon.
You worshipped Trog.
Trog was extremely pleased with you.
You visited 1 branch You collected 980 gold pieces.
You spent 582 gold pieces at shops.

Inventory:

Hand Weapons
 a - a +0 hand axe (weapon)
Armour
 b - the +2 scale mail of the Evil One (worn) {-Cast Str+9}
   (You bought it in a shop in the Dungeon)

   Str:       It affects your strength (+9).
   -Cast:     It prevents spellcasting.
Jewellery
 i - an amulet of reflection (around neck)
Scrolls
 h - a scroll of blinking
Potions
 d - a potion of heal wounds
 e - a potion of haste
 f - 2 potions of magic
 g - a potion of berserk rage


   Skills:
 + Level 13.7 Fighting
 + Level 14.7 Axes
 + Level 7.3 Armour
 + Level 7.5 Dodging
 + Level 0.3 Stealth


You had 7 spell levels left.
You didn't know any spells.
Your spell library was empty.

Dungeon Overview and Level Annotations

Branches:
Dungeon (1/1)

Altars:
Cheibriados
Dithmenos
Elyvilon
Hepliaklqana
Kikubaaqudgha
Makhleb
Qazlal
Ru
Sif Muna
Trog
Uskayaw
Wu Jian
Xom
Yredelemnul
The Shining One
Beogh
Jiyva
Lugonu

Shops:
D =[:(=(?!=[!!::[

Annotations:
D exclusion: oklob plant


Innate Abilities, Weirdness & Mutations

You have a pair of horns on your head.
You reflexively headbutt those who attack you in melee.
You are clumsy. (Dex -2)
Armour fits poorly on your strangely shaped body.
Your body sometimes deteriorates upon taking damage.
You sometimes lose the ability to read scrolls when taking damage.


Message History

The death drake hisses angrily.
You slash the swamp drake!
You kill the swamp drake!
Trog accepts your kill.
You miss the death drake.
You are engulfed in noxious fumes.
You choke on the stench!
You are more confused.
The death drake bites you!
You feel threatened and lose the ability to read scrolls!
Unknown command.
Unknown command.
Unknown command.
You bump into the translucent rock wall.
You are engulfed in noxious fumes.
You choke on the stench!
You are more confused.
The death drake bites you.
Unknown command.
Unknown command.
You slash the death drake! Your headbutt misses the death drake.
The death drake is lightly wounded.
The death drake bites you.
Unknown command.
The death drake breathes miasma at you. The foul vapour engulfs you!
You are poisoned.
You feel yourself slow down.
Unknown command.
You are engulfed in dark miasma.
You are lethally poisoned!
You feel as though you will be slow longer.
* * * LOW HITPOINT WARNING * * *
Your body deteriorates!
You feel clumsy.
You feel extremely sick.
Unknown command.
* * * LOW HITPOINT WARNING * * *
You feel extremely sick. The death drake breathes miasma at you.
The foul vapour engulfs you!
You are more poisoned.
You die...

≈≈≈≈.##+# .. #. .
≈≈≈≈##..###.#### .##.
≈≈≈≈#..##.# ...# ...#
≈≈####.#.####..## #..#
≈##.###'# #.##..# +..#
≈#.#.##.###..#..# #○.# #
≈'##.'.<.'.##'..####○.##.#
≈##..##.###..#....###k..##▓▓
≈##.###÷###.##..@k°9°†≈≈≈≈≈≈≈
≈≈####.#.####≈≈.°°○k≈#+######
#≈≈≈#.###.#≈§≈≈≈§°°°≈#.._._._
#'#≈## ##≈§≈§≈≈§≈§≈#._._._.
#.#≈≈# #≈≈≈§§§§§§≈≈#_._._._
### ≈≈≈ ≈≈≈≈§≈§§≈≈§≈≈#._._._.
+++#+++#≈≈≈≈≈≈§≈≈#.._._._ .
##≈≈≈###§≈#..._._ ##≈§
≈≈#....


You could see 2 death drakes, a crystal guardian and a swamp drake.

Vanquished Creatures
  2 wyverns (D)
  4 neqoxecs (D)
  Menkaure (D)
  A water moccasin (D)
  A swamp drake (D)
  5 scorpions (D)
  3 worms (D)
17 creatures vanquished.

Notes
Turn   | Place    | Note
-------+----------+-------------------------------------------
     0 | D        | mhtbhm the Minotaur Berserker began the quest for the Orb.
     0 | D        | Reached XP level 1. HP: 19/19 MP: 0/0
     1 | D        | Noticed a neqoxec
     1 | D        | Noticed a neqoxec
     1 | D        | Noticed a neqoxec
     1 | D        | Noticed a neqoxec
    10 | D        | Killed a neqoxec
    11 | D        | Reached skill level 8 in Axes
    11 | D        | Reached XP level 2. HP: 35/35 MP: 1/1
    11 | D        | Reached XP level 3. HP: 40/40 MP: 2/2
    11 | D        | Reached XP level 4. HP: 48/48 MP: 3/3
    15 | D        | Gained mutation: Armour fits poorly on your strangely
                  | shaped body. [a neqoxec]
    16 | D        | Gained mutation: Your body sometimes deteriorates upon
                  | taking damage. [a neqoxec]
    18 | D        | Killed a neqoxec
    19 | D        | Reached skill level 9 in Axes
    19 | D        | Reached skill level 5 in Armour
    19 | D        | Reached XP level 5. HP: 50/58 MP: 4/4
    22 | D        | Killed a neqoxec
    22 | D        | Reached ** piety under Trog
    23 | D        | Reached skill level 10 in Fighting
    23 | D        | Reached skill level 11 in Axes
    23 | D        | Reached skill level 5 in Dodging
    23 | D        | Reached XP level 6. HP: 59/67 MP: 5/5
    28 | D        | Gained mutation: You sometimes lose the ability to read
                  | scrolls when taking damage. [a neqoxec]
    32 | D        | Gained mutation: You are clumsy. (Dex -2) [a neqoxec]
    33 | D        | Killed a neqoxec
   206 | D        | Found Buss's Jewellery Emporium.
   206 | D        | Found Heil's Distillery.
   206 | D        | Found Mamari's Book Emporium.
   206 | D        | Found Enkad's Distillery.
   206 | D        | Found Axes's Antique Armour Emporium.
   206 | D        | Found Yjipn's Antique Armour Shoppe.
   206 | D        | Found Dun Ton's Distillery.
   206 | D        | Found Ahiecouli's Book Shoppe.
   319 | D        | Reached skill level 12 in Axes
   319 | D        | Reached XP level 7. HP: 72/75 MP: 6/6
   322 | D        | Reached *** piety under Trog
   336 | D        | Reached skill level 13 in Axes
   683 | D        | Reached **** piety under Trog
   696 | D        | Noticed a wyvern
   696 | D        | Noticed a wyvern
   707 | D        | Killed a wyvern
   713 | D        | Killed a wyvern
   714 | D        | Reached skill level 14 in Axes
   714 | D        | Reached XP level 8. HP: 62/86 MP: 7/7
   902 | D        | Found Buoteuc's Magic Scroll Shoppe.
   902 | D        | Found Ylyxar's Antique Weapon Emporium.
  1038 | D        | Found Giseulops's Jewellery Emporium.
  1038 | D        | Found Beoqeufi's Antique Weapon Shoppe.
  1038 | D        | Noticed Menkaure
  1038 | D        | Noticed an oklob plant
  1039 | D        | Found Etyeleuh's Antique Armour Shoppe.
  1039 | D        | Found Nesi's Book Shoppe.
  1039 | D        | Found Imesax's Jewellery Emporium.
  1039 | D        | Noticed a manticore
  1040 | D        | Noticed a manticore
  1054 | D        | Killed Menkaure
  1075 | D        | Noticed a shining eye
  1077 | D        | Noticed a manticore
  1082 | D        | Bought a crude scale mail for 252 gold pieces
  1082 | D        | Identified the +2 scale mail of the Evil One {-Cast Str+9}
                  | (You bought it in a shop in the Dungeon)
  1091 | D        | Noticed a shining eye
  1097 | D        | Bought an amulet of reflection for 330 gold pieces
  1108 | D        | Noticed a shining eye
  1134 | D        | Found a hazy altar of Hepliaklqana.
  1134 | D        | Found a snail-covered altar of Cheibriados.
  1136 | D        | Reached ***** piety under Trog
  1137 | D        | Found a stormy altar of Qazlal.
  1137 | D        | Found a viscous altar of Jiyva.
  1137 | D        | Found a shadowy altar of Dithmenos.
  1138 | D        | Found a sacrificial altar of Ru.
  1138 | D        | Found an ancient bone altar of Kikubaaqudgha.
  1138 | D        | Found a white marble altar of Elyvilon.
  1139 | D        | Found an ornate altar of the Wu Jian Council.
  1139 | D        | Found a shimmering blue altar of Sif Muna.
  1139 | D        | Found a corrupted altar of Lugonu.
  1140 | D        | Found a shimmering altar of Xom.
  1140 | D        | Found a bloodstained altar of Trog.
  1140 | D        | Found a burning altar of Makhleb.
  1141 | D        | Found a glowing golden altar of the Shining One.
  1141 | D        | Found a basalt altar of Yredelemnul.
  1141 | D        | Found a hide-covered altar of Uskayaw.
  1141 | D        | Noticed a crystal guardian
  1144 | D        | Noticed a death drake
  1161 | D        | Noticed a death drake
  1168 | D        | HP: 1/88 [poisoned by a death drake (dark miasma)]
  1168 | D        | Killed from afar by a death drake

Illustrated notes

Levels and vault maps discovered:
D:        the_violet_keep_of_menkaure [sprint2_stairs_cluster_1,
          sprint2_shoproom, sprint2_temple, sprint2_basic_supplies,
          sprint2_obstacle_2, sprint2_obstacle_7, sprint2_obstacle_1,
          sprint2_obstacle_6, sprint2_obstacle_3, sprint2_timed_cluster_1,
          sprint2_smallroom_cluster_1, sprint2_smallroom_final_cluster_1,
          sprint2_transparent_cluster_1, sprint2_second_timed_cluster_1,
          sprint2_sniper_area_1, sprint2_heavy_combat_area_1,
          sprint2_mutation_trap_area_1, sprint2_forest_area_1,
          sprint2_light_combat_area_1, sprint2_behind_water_1,
          sprint2_near_end_vault_1]

Skill      XL: |  1  2  3  4  5  6  7 |
---------------+----------------------+-----
Fighting       | 8 9 10 11 13 | 13.7
Axes           | 8 9 11 12 14 | 14.7
Armour         | 4 5 6 7 |  7.3
Dodging        | 3 4 5 7 |  7.5
Stealth        | |  0.3

Action                   |  1- 3 |  4- 6 |  7- 9 || total
-------------------------+-------+-------+-------++-------
Melee: Hand axe          |     8 |    27 |    61 ||    96
       Headbutt          |     1 |     6 |    11 ||    18
Invok: Berserk           |     1 |       |     2 ||     3
  Use: Potion            |       |       |     1 ||     1
Armor: Animal skin       |     1 |       |       ||     1
       Scale mail        |       |       |     1 ||     1
Dodge: Dodged            |     2 |     9 |    25 ||    36

Table legend: (Time is in decaauts)
 A = Elapsed time spent in this place.
 B = Non-inter-level travel time spent in this place.
 C = Inter-level travel time spent in this place.
 D = Time resting spent in this place.
 E = Time spent auto-exploring this place.
 F = Levels seen in this place.
 G = Mean time per level.
                   A        B        C        D        E       F      G
               +--------+--------+--------+--------+--------+-----+--------+
         Total |   1169 |   1169 |      0 |    895 |      0 |   1 | 1169.0 |
       Dungeon |   1169 |   1169 |      0 |    895 |      0 |   1 | 1169.0 |
               +--------+--------+--------+--------+--------+-----+--------+

Top non-repeatable levels by time:
       D: 1169 daAuts
